 Dungeon Crawl Stone Soup version 0.21-a0-421-gfc1ce30 (webtiles) character file.

25 tof the Slasher (level 2, 8/27 HPs)
             Began as a Minotaur Monk on Nov 4, 2017.
             Quit the game on level 3 of the Dungeon.
             The game lasted 00:01:12 (1063 turns).

tof the Slasher (Minotaur Monk)                     Turns: 1063, Time: 00:01:12

Health: 8/27       AC:  3    Str: 15    XL:     2   Next: 82%
Magic:  1/1        EV: 13    Int:  7    God:
Gold:   49         SH:  0    Dex: 12    Spells: 1/1 levels left

rFire    . . .     SeeInvis .   a - +0 falchion
rCold    . . .     Gourm    .   (no shield)
rNeg     . . .     Faith    .   e - +0 leather armour
rPois    .         Spirit   .   (helmet restricted)
rElec    .         Reflect  .   (no cloak)
rCorr    .         Harm     .   (no gloves)
MR       .....                  (no boots)
Stlth    +.........             (no amulet)
HPRegen  0.09/turn              (no ring)
MPRegen  0.07/turn              (no ring)

@: lethally poisoned (8 -> -10)
A: retaliatory headbutt, horns 2
a: no special abilities


You were on level 3 of the Dungeon.
You were not hungry.

You visited 1 branch of the dungeon, and saw 3 of its levels.

You collected 49 gold pieces.

Inventory:

Hand Weapons
 a - a +0 falchion (weapon)
Armour
 e - a +0 leather armour (worn)
Scrolls
 d - a scroll of noise {unknown}
 f - a scroll of fear {unknown}
 g - a scroll of magic mapping {unknown}
 j - a scroll of remove curse {unknown}
 k - a scroll of identify {unknown}
 l - a scroll of recharging {unknown}
Potions
 h - a potion of curing {unknown}
Comestibles
 b - a meat ration
 c - 2 bread rations


   Skills:
 + Level 3.9 Fighting
 * Level 4.1 Long Blades
 + Level 0.6 Throwing
 + Level 1.0 Armour
 + Level 3.5 Dodging
 - Level 1.5 Stealth


You had one spell level left.
You didn't know any spells.

Dungeon Overview and Level Annotations

Branches:
Dungeon (3/15)

Altars:

Annotations:
D:2 Sigmund


Innate Abilities, Weirdness & Mutations

You reflexively headbutt those who attack you in melee.
You have a pair of horns on your head.


Message History

You are lethally poisoned!
An orc comes into view. It is wielding a club.
There is a lethal amount of poison in your body!
You are too injured to fight recklessly!
There is a lethal amount of poison in your body!
You are too injured to fight recklessly!
You feel very sick.
The kobold shoots a poisoned needle.
The poisoned needle completely misses you.
You feel sick.
The orc throws a tomahawk.
The tomahawk barely misses you.
You feel sick.
The orc wizard gestures wildly while chanting.
The orc wizard seems to speed up.
You hear a shout!
You feel sick.
You feel sick.
You feel sick.
* * * LOW HITPOINT WARNING * * *
You feel sick.
Are you sure you want to abandon this character and quit the game? (Confirm with "yes".)

### ..# #..$..
#.##.# #.##.# #.##.#
#.##.# . ## #@##.#
#.. ..#
#.##.####.... K.#
#o##......... ...
#o##...$.....
.###.###.(..<.......
.......o..#.........
.......oo..........#
.......K..........##
#...##)..###.....##


You could see an orc priest, an orc wizard, 3 orcs and a kobold.

Vanquished Creatures
  A leopard gecko (D:1)
  An orc (D:3)
  2 giant cockroaches
  2 goblins (D:1)
  5 hobgoblins
  3 bats
  A frilled lizard (D:2)
  3 kobolds
  4 rats
22 creatures vanquished.

Notes
Turn   | Place    | Note
-------+----------+-------------------------------------------
     0 | D:1      | tof the Minotaur Monk began the quest for the Orb.
     0 | D:1      | Reached XP level 1. HP: 19/19 MP: 0/0
   225 | D:1      | Reached XP level 2. HP: 25/27 MP: 1/1
   399 | D:1      | Reached skill level 4 in Long Blades
   685 | D:2      | Reached skill level 1 in Armour
   730 | D:2      | Noticed Sigmund
  1063 | D:3      | Quit the game

Vault maps used:
D:1:      minmay_arrival_cross, minivault_11
D:2:      nemelex_xobeh_ov_fountains_minmay, first_bread,
          uniq_crazy_yiuf_cottage, uniq_sigmund
D:3:      tgw_sif, uniq_terence

Skill      XL: |  1  2 |
---------------+-------+-----
Long Blades    | 4 |  4.1
Armour         | 1 |  1.0
Fighting       | |  3.9
Throwing       | |  0.6
Dodging        | |  3.5
Stealth        | |  1.5

Action                   || total
-------------------------++-------
Melee: Falchion          ||    42
       Headbutt          ||     5
 Stab: Sleeping          ||     1
Armor: Leather armour    ||    12
       Robe              ||     1
Dodge: Dodged            ||    34
       Rpst.: Falchion   ||     8

Table legend:
 A = Spawn XP
 B = Non-spawn XP
 C = Spawn XP percentage of total XP
 D = Spawn monster count
 E = Non-spawn monster count
 F = Spawn count percentage of total count
 G = Total turns spent on level
                    A         B        C        D         E        F      G
               +---------+---------+-------+---------+---------+-------+---------
         Total |       0 |      36 |   0.0 |       0 |      22 |   0.0 |  1063
               +---------+---------+-------+---------+---------+-------+---------
           D:1 |       0 |      19 |   0.0 |       0 |      11 |   0.0 |   724
           D:2 |       0 |      13 |   0.0 |       0 |       9 |   0.0 |   320
           D:3 |       0 |       4 |   0.0 |       0 |       2 |   0.0 |    19
               +---------+---------+-------+---------+---------+-------+---------
